 Dungeon Crawl Stone Soup version 0.31.0-32-g396128a36d (webtiles) character file.

Game seed: 5248600106331738725

40 Silvore the Trooper (level 3, 0/34 HPs)
             Began as a Minotaur Fighter on Mar 27, 2024.
             Slain by Sigmund
             ... wielding a +2 scythe of flaming
              (7 damage)
             ... on level 2 of the Dungeon.
             The game lasted 00:00:57 (912 turns).

Silvore the Trooper (Minotaur Fighter)               Turns: 912, Time: 00:00:58

Health: 0/34       AC:  7    Str: 22    XL:     3   Next: 30%
Magic:  2/2        EV:  9    Int:  5    God:
Gold:   97         SH:  4    Dex:  9    Spells: 2/2 levels left

rFire   . . .        e - +0 mace
rCold   . . .        c - +0 buckler
rNeg    . . .        b - +0 scale mail
rPois   .            (helmet restricted)
rElec   .            (no cloak)
rCorr   .            (no gloves)
SInv    .            (no boots)
Will    .....        i - amulet of regeneration Stlth
                     (no ring)
HPRegen 1.05/turn    (no ring)
MPRegen 0.08/turn

%: no passive effects
@: mighty
A: horns 2, retaliatory headbutt
a: no special abilities


You were on level 2 of the Dungeon.
You visited 1 branch of the dungeon, and saw 2 of its levels.

You collected 97 gold pieces.

Inventory:

Hand Weapons
 a - a +0 flail
 e - a +0 mace (weapon)
Armour
 b - a +0 scale mail (worn)
 c - a +0 buckler (worn)
Jewellery
 g - an amulet of faith
 h - an amulet of the acrobat
 i - an amulet of regeneration (around neck)
 j - a ring of flight
Potions
 d - a potion of might
 f - a potion of attraction
 k - a potion of brilliance {unknown}
 l - a potion of heal wounds {unknown}
 m - a potion of curing {unknown}


   Skills:
 + Level 4.3 Fighting
 + Level 3.0 Maces & Flails
 + Level 4.1 Armour
 + Level 4.0 Shields


You had 2 spell levels left.
You didn't know any spells.
Your spell library contained the following spells:

 Spells                   Type           Power      Damage    Failure   Level
 Slow                     Hex            0%         N/A       86%         1
 Confusing Touch          Hex            0%         N/A       99%         3
 Sigil of Binding         Hex            0%         N/A       99%         3
 Vampiric Draining        Necr           0%         2d6       99%         3


Dungeon Overview and Level Annotations

Branches:
Dungeon (2/15)

Altars:

Annotations:
D:2 Sigmund


Innate Abilities, Weirdness & Mutations

You have a pair of horns on your head.
You reflexively headbutt those who attack you in melee.


Message History

The bat barely misses you.
Found a stone staircase leading up.
The bat hits you.
You barely miss the bat. The bat hits you but does no damage.
You block the bat's attack.
You sock the bat!
You kill the bat!
You now have 88 gold pieces (gained 8).
You now have 97 gold pieces (gained 9).
Sigmund the Dreaded comes into view.
He is wielding a +2 scythe of flaming.
Sigmund shouts!
Sigmund is nearby!
Sigmund is nearby!
Sigmund is nearby!
Sigmund casts a spell.
Sigmund flickers and vanishes!
Deactivating autopickup; reactivate with Ctrl-A.
Something hits you but does no damage. Something hits you but does no damage.
You miss something. Something hits you. Something burns you.
You miss something. Your headbutt misses something. You closely miss something.
Your headbutt misses something. Something hits you! Something burns you.
You closely miss something.
You hear some strange, mumbled words.
Something tries to affect you, but you resist.
You sock something! Something hits you! Something burns you.
You feel very mighty all of a sudden. Something hits you.
* * * LOW HITPOINT WARNING * * *
Something burns you.
* * * LOW HITPOINT WARNING * * *
You miss something. Something hits you.
* * * LOW HITPOINT WARNING * * *
Something burns you.
* * * LOW HITPOINT WARNING * * *
You thump something! You headbutt something! You closely miss something.
Your headbutt misses something. Something hits you but does no damage.
You barely miss something. Your headbutt misses something. Something hits you!
You die...

# #.#..#.#... .# #
#......... .# # #
...##.#.###.#.# #
#########.##.#.....#.#.#
........................
....####.###............
....# #.# #####...####
##### #.# #...# #.#
#@..# #.# #{..# #.#
#...# #.# #..... ......#
.......# .......#
....#...#


There were no monsters in sight!

Vanquished Creatures
  A dart slug (D:1)
  A ribbon worm (D:2)
  4 ball pythons (D:1)
  3 endoplasms (D:1)
  2 giant cockroaches (D:1)
  2 goblins
  4 hobgoblins (D:1)
  4 jackals (D:1)
  A quokka (D:1)
  4 bats
  A frilled lizard (D:1)
  A kobold (D:1)
  4 rats
32 creatures vanquished.

Notes
Turn   | Place    | Note
-------+----------+-------------------------------------------
     0 | D:1      | Silvore the Minotaur Fighter began the quest for the Orb.
     0 | D:1      | Reached XP level 1. HP: 19/19 MP: 0/0
   108 | D:1      | Reached XP level 2. HP: 20/27 MP: 1/1
   465 | D:1      | Reached XP level 3. HP: 29/33 MP: 2/2
   899 | D:2      | Noticed Sigmund
   912 | D:2      | Slain by Sigmund

Illustrated notes

Levels and vault maps discovered:
D:1:      dpeg_arrival_long_road, layout_basic, minmay_tromino_mix6
D:2:      layout_basic, shapermc_ecumenical_altar_mp_vishouse, uniq_sigmund

Skill      XL: |  1  2  3 |
---------------+----------+-----
Fighting       | 4 |  4.3
Armour         | 4 |  4.1
Shields        | 4 |  4.0
Maces & Flails | 3 |  3.0

Action                     || total
---------------------------++-------
  Melee: Mace              ||    60
         Headbutt          ||     8
         Flail             ||     1
    Use: Scroll            ||     1
         Potion            ||     1
 Armour: Scale mail        ||    42
  Dodge: Dodged            ||    26
  Block: Buckler           ||    18
